 Dungeon Crawl Stone Soup version 0.26.1-11-gd32895ea62 (webtiles) character file.

Game seed: 10971814727964640044

69 dtburroughs the Chopper (level 4, -2/40 HPs)
             Began as a Minotaur Berserker on July 9, 2021.
             Was a Believer of Trog.
             Slain by a goblin (6 damage)
             ... led by Robin
             ... on level 3 of the Dungeon.
             The game lasted 00:02:06 (2273 turns).

dtburroughs the Chopper (Minotaur Berserker)        Turns: 2273, Time: 00:02:07

Health: -2/40      AC:  2    Str: 22    XL:     4   Next: 2%
Magic:  3/3        EV: 12    Int:  5    God:    Trog [**....]
Gold:   142        SH:  0    Dex:  9    Spells: 3/3 levels left

rFire    . . .     SeeInvis .   r - +0 war axe
rCold    . . .     Faith    .   (no shield)
rNeg     . . .     Spirit   .   b - +0 animal skin
rPois    .         Reflect  .   (helmet restricted)
rElec    .         Harm     .   (no cloak)
rCorr    .         Rampage  .   (no gloves)
Will     ++...                  (no boots)
Stlth    +.........             (no amulet)
HPRegen  1.13/turn              (no ring)
MPRegen  0.08/turn              (no ring)

@: regenerating
A: retaliatory headbutt, horns 2
a: Renounce Religion, Berserk, Trog's Hand


You were on level 3 of the Dungeon.
You worshipped Trog.
Trog was pleased with you.
You visited 1 branch of the dungeon, and saw 3 of its levels.

You collected 142 gold pieces.

Inventory:

Hand Weapons
 a - a +0 hand axe
 r - a +0 war axe (weapon)
Armour
 b - a +0 animal skin (worn)
 j - a +1 pair of boots
 l - a +0 pair of boots
 o - a +0 scale mail
 t - a +2 kite shield
Jewellery
 i - a +6 ring of dexterity {unknown}
 m - an uncursed amulet of regeneration {unknown}
Scrolls
 c - a scroll of noise {unknown}
 d - 2 scrolls of teleportation {unknown}
 h - a scroll of blinking {unknown}
 k - 2 scrolls of amnesia {unknown}
 n - a scroll of fog {unknown}
 p - a scroll of magic mapping {unknown}
 s - a scroll of remove curse {unknown}
Potions
 e - 2 potions of curing {unknown}
 f - a potion of lignification {unknown}
 g - a potion of heal wounds {unknown}
 q - a potion of brilliance {unknown}


   Skills:
 + Level 4.2 Fighting
 + Level 4.3 Axes
 + Level 3.3 Armour
 + Level 3.0 Dodging
 + Level 0.6 Shields


You had 3 spell levels left.
You didn't know any spells.
Your spell library was empty.

Dungeon Overview and Level Annotations

Branches:
Dungeon (3/15)

Altars:
Cheibriados
Fedhas
Hepliaklqana
Kikubaaqudgha
Sif Muna

Annotations:
D:3 Robin


Innate Abilities, Weirdness & Mutations

You reflexively headbutt those who attack you in melee.
You have a pair of horns on your head.


Message History

The goblin hits you but does no damage.
You hit Robin but do no damage. You hit the hobgoblin. You slash the goblin!
You kill the goblin!
Trog accepts your kill.
You closely miss the goblin. You hit the goblin.
You kill the goblin!
Trog accepts your kill. The goblin hits you. The hobgoblin closely misses you.
Robin hits you with a +1 vorpal falchion.
The goblin hits you.
* * * LOW HITPOINT WARNING * * *
The hobgoblin barely misses you.
You have reached level 4!
You feel stronger.
Your skin crawls.
You feel strong-willed.
Robin hits you with a +1 vorpal falchion.
* * * LOW HITPOINT WARNING * * *
x2 The goblin hits you.
You die...

#.# #.# # #.#
###. #.# ...
#.#..#
#########.#..##.#
#<(.....g)g.....#
##.....)†@.......
#.#######g..####
#.# ..>.... #.#
....... #.#
.....#. #.#
.....# #.#
....... .....##


You could see Robin, a hobgoblin (strong) and a goblin (strong).

Vanquished Creatures
  2 adders (D:2)
  An ooze (D:2)
  A dart slug (D:1)
  A leopard gecko (D:2)
  5 bats
  14 goblins
  2 hobgoblins
  3 jackals (D:1)
  6 kobolds
  3 frilled lizards
  2 rats
40 creatures vanquished.

Vanquished Creatures (others)
  3 plants (D:2)
3 creatures vanquished.

Grand Total: 43 creatures vanquished

Notes
Turn   | Place    | Note
-------+----------+-------------------------------------------
     0 | D:1      | dtburroughs the Minotaur Berserker began the quest for the
                  | Orb.
     0 | D:1      | Reached XP level 1. HP: 19/19 MP: 0/0
   451 | D:1      | Reached XP level 2. HP: 21/27 MP: 1/1
   643 | D:1      | You fall into a shaft and drop 1 floor!
   748 | D:2      | Found a blossoming altar of Fedhas.
   751 | D:2      | Found an ancient bone altar of Kikubaaqudgha.
   754 | D:2      | Found a snail-covered altar of Cheibriados.
   757 | D:2      | Found a hazy altar of Hepliaklqana.
   867 | D:2      | Reached XP level 3. HP: 32/33 MP: 2/2
  1730 | D:2      | Found a shimmering blue altar of Sif Muna.
  2166 | D:2      | Found a faded altar of an unknown god.
  2260 | D:3      | Noticed Robin
  2266 | D:3      | Reached ** piety under Trog
  2273 | D:3      | Reached XP level 4. HP: 10/40 MP: 3/3
  2273 | D:3      | Slain by a goblin

Illustrated notes

Levels and vault maps discovered:
D:1:      dpeg_arrival_short_road, layout_loops_corners
D:2:      minmay_diamond_boxcup, layout_basic, led_sif_pool,
          grunt_temple_overflow_cloverleaf, chequers_ecumenical_altar_grove,
          serial_forest, infiniplex_forest_corner_1,
          infiniplex_forest_lined_corner, infiniplex_forest_lined_3,
          infiniplex_forest_clump_tiny, infiniplex_forest_clump_tiny,
          infiniplex_forest_clump_medium, infiniplex_forest_corner_1,
          infiniplex_forest_lined_2, infiniplex_forest_clump_cross,
          infiniplex_forest_clump_long
D:3:      layout_basic, overflow_temple_1_default, uniq_robin, uniq_ijyb

Skill      XL: |  1  2  3 |
---------------+----------+-----
Axes           | 4 |  4.3
Fighting       | 4 |  4.2
Armour         | 3 |  3.3
Dodging        | 3 |  3.0
Shields        | |  0.6

Action                   |  1- 3 |  4- 6 || total
-------------------------+-------+-------++-------
Melee: Hand axe          |    53 |       ||    53
       Headbutt          |     9 |       ||     9
       War axe           |     9 |       ||     9
Invok: Trog's Hand       |       |     1 ||     1
Armor: Animal skin       |    16 |       ||    16
Dodge: Dodged            |    63 |       ||    63
